Unix NetHack Version 5.0.0-0 post-release - last build Jun 10 2026 00:39:30 (3ee93aec679c4c4259841fe613dc97188e26a321,branch:main).

Game began 2026-06-15 16:28:31, ended 2026-06-15 17:07:57.

GdeVolpiano, lawful female human Archeologist

                                                                    ----------
                                                                    |........|
                                                                   #....<....|
                                                                   #--------.-
                                                                  ##
                                                          #########
                                                 ##########        #
                                              ##############
                                              #
                                              #
                                              #
                                              #
                                              #
                                              ##
                                              #
                                              #
                                   ?# @'#######

GdeVolpiano the Investigator  St:25 Dx:10 Co:16 In:13 Wi:15 Ch:8  Lawful
Dlvl:7  $:2749 HP:0(67) Pw:36(36) AC:-2 Xp:7 T:4966 

Latest messages:
 A cream pie misses you.
 The blast of poison gas hits you!
 You are enveloped in a cloud of noxious gas!
 The blast of poison gas hits sprankton's ghost.
 Your eyes sting.
 Something is burning your lungs!
 You cough and spit blood!
 In what direction?
 You kick it.
 You can see again.
 Your eyes sting.
 Something is burning your lungs!
 You cough and spit blood!
 You can see again.
 Your eyes sting.
 Something is burning your lungs!
 You cough and spit blood!
 What do you want to zap? [cv or ?*]
 In what direction?
 It touches you!
 You can see again.
 Your eyes sting.
 Something is burning your lungs!
 You cough and spit blood!
 You can see again.
 Your eyes sting.
 Something is burning your lungs!
 You cough and spit blood!
 You hear the howling of the CwnAnnwn...
 #
 Are you sure you want to pray? [yn] (n)
 You begin praying to Quetzalcoatl.
 You finish your prayer.
 You feel that Quetzalcoatl is well-pleased.
 The gas cloud enveloping you dissipates.
 You can see again.
 You feel much better.
 You hit the iron golem!
 The iron golem hits!
 You miss the iron golem.
 Sprankton's ghost touches you!
 The iron golem hits!
 You hit the iron golem!
 You miss the iron golem.
 The iron golem hits!
 You hit the iron golem!
 The iron golem hits!
 You die...
 Do you want your possessions identified? [ynq] (y)
 Do you want to see your attributes? [ynq] (y)

Inventory:
 Coins    ('$')
  $ - 2749 gold pieces
 Weapons  (')')
  Y - a corroded +0 scimitar (weapon in right hand)
 Armor    ('[')
  L - an uncursed rustproof +0 helmet (being worn)
  A - an uncursed +0 pair of gauntlets of power (being worn)
  x - an uncursed +0 pair of high boots (being worn)
  t - an uncursed +2 cloak of magic resistance (being worn)
  b - an uncursed +0 elven mithril-coat (being worn)
 Comestibles  ('%')
  d - 12 uncursed food rations
  H - a cursed fortune cookie
  q - an uncursed lembas wafer
  I - a cursed lembas wafer
 Scrolls  ('?')
  T - a cursed scroll of create monster
  f - a cursed scroll of enchant weapon
  l - an uncursed scroll of gold detection
 Spellbooks  ('+')
  a - a cursed spellbook of wizard lock
 Potions  ('!')
  j - an uncursed potion of full healing
  n - an uncursed potion of gain ability
  m - a cursed potion of object detection
  o - a cursed potion of sickness
  X - a cursed potion of sleeping
 Rings    ('=')
  M - an uncursed ring of conflict
  Z - an uncursed ring of poison resistance
  O - an uncursed ring of polymorph control
  R - a cursed ring of searching
  S - an uncursed ring of sustain ability (on right hand)
  p - a cursed ring of teleportation
 Wands    ('/')
  c - a wand of magic missile (0:4)
  v - a wand of striking (0:7)
 Tools    ('(')
  h - an empty uncursed sack
  J - a horn of plenty (0:6)
  r - a cursed blindfold
  U - an uncursed brass lantern
  P - an uncursed credit card
  k - an uncursed lock pick
  u - a cursed magic marker (1:95)
  w - an uncursed magic whistle
  e - a +0 pick-axe (alternate weapon; not wielded)
  i - an uncursed tin opener
 Gems/Stones  ('*')
  E - an uncursed agate stone
  W - 2 uncursed amber stones
  K - a cursed fluorite stone
  V - an uncursed topaz stone
  s - an uncursed worthless piece of violet glass
  Q - an uncursed luckstone
  g - an uncursed touchstone

GdeVolpiano the Archeologist's attributes:

Background:
 You were an Investigator, a level 7 female human Archeologist.
 You were lawful, on a mission for Quetzalcoatl
 who was opposed by Camaxtli (neutral) and Huhetotl (chaotic).
 You were right-handed.
 You were in the Dungeons of Doom, on level 7.
 You entered the dungeon 4966 turns ago.
 There was a new moon in effect when your adventure ended.
 You had 1245 experience points, 35 more were needed to attain level 8.

Basics:
 You had 0 out of 67 hit points.
 You had all 36 energy points (spell power).
 Your armor class was -2.
 Your wallet contained 2749 zorkmids.
 Autopickup was on for '$?!/="+' plus thrown, with exceptions.

Final Characteristics:
 Your strength was 25 (base:14, innate limit:18/100).
 Your dexterity was 10 (limit:18).
 Your constitution was 16 (limit:18).
 Your intelligence was 13 (limit:18).
 Your wisdom was 15 (limit:18).
 Your charisma was 8 (limit:18).

Final Status:
 You weren't hungry.
 You were unencumbered.
 You were wielding a saber.
 You had basic skill with saber.

Final Attributes:
 You were piously aligned.
 You were magic-protected.
 You had automatic searching.
 You were stealthy.
 You were guarded.
 Your spell casting was impaired by metallic armor.
 You had fixed abilities.
 You were lucky.
 You had extra luck.
 Bad luck did not time out for you.
 Good luck did not time out for you.
 You are dead.

Miscellaneous:
 You encountered 2 bones levels.
 Total elapsed playing time was 39 minutes and 4 seconds.

Major events:
 Turn
    1: GdeVolpiano the lawful female human Archeologist entered the dungeon
 1067: attained the rank of Field Worker (level 3)
 1564: entered the Gnomish Mines
 2325: attained the rank of Investigator (level 6)
 2571: reached Mine Town
 4966: killed by an iron golem

Spells:
 Name                 Level Category     Fail Retention
 detect unseen          3   divination   100%  76%-100%
 magic missile          2   attack       100%  76%-100%

Skills:
 Fighting Skills
   bare handed combat [Unskilled]
   two weapon combat  [Unskilled]
   riding             [Unskilled]
 Weapon Skills
   dagger             [Unskilled]
   knife              [Unskilled]
   pick-axe           [Skilled]
   short sword        [Unskilled]
   saber              [Basic]
   club               [Unskilled]
   quarterstaff       [Unskilled]
   sling              [Unskilled]
   dart               [Unskilled]
   boomerang          [Unskilled]
   whip               [Basic]
   unicorn horn       [Unskilled]
 Spellcasting Skills
   attack spells      [Unskilled]
   healing spells     [Unskilled]
   divination spells  [Unskilled]
   matter spells      [Unskilled]

Voluntary challenges:
 Character rerolling was not enabled.
 You never genocided any monsters.
 You never polymorphed an object.
 You never changed form.
 You used no wishes.
Achievements:
 You entered a shop.
 You attained the rank of Field Worker.
 You entered the Gnomish Mines.
 You attained the rank of Investigator.
 You entered Minetown.
 You entered a temple.

 The Dungeons of Doom: levels 1 to 7
    Level 1:
       An altar.
    Level 2:
       An armor shop, some fountains.
       Stairs down to The Gnomish Mines.
    Level 3:
    Level 4:
       Some fountains.
    Level 5:
       A general store, a fountain.
    Level 6:
       A food shop, a fountain.
       Final resting place for
          LDaviesPeters-Arc-Hum-Fem-Neu, killed by a wererat.
    Level 7: <- You were here.
       Final resting place for
          you, killed by an iron golem,
          sprankton-Val-Dwa-Fem-Law, killed by an iron golem,
          80percenthuman-Wiz-Hum-Fem-Cha, killed by a dog.
 The Gnomish Mines: levels 3 to 7
    Level 3:
    Level 4:
    Level 5:
    Level 6:
       Many shops, a temple and an altar, some fountains, a sink.
    Level 7:


Vanquished creatures:
  a ghost
  a small mimic
  a large dog
  a watchman
  3 wolves
  a gnome ruler
  a werewolf
  2 dingoes
  2 dogs
  a gnome mummy
  3 apes
  a wood nymph
  a rock piercer
  a pony
  a fog cloud
  2 shriekers
  a violet fungus
  7 gnome leaders
  2 gnomish wizards
  a straw golem
  a little dog
  4 dwarves
  3 homunculi
  3 rothes
  a giant bat
  6 monkeys
  a wererat
 an iguana
  4 acid blobs
  a hobbit
  a hobgoblin
  5 giant rats
 32 gnomes
  a garter snake
  a gnome zombie
  5 geckos
  4 jackals
  a goblin
  5 sewer rats
  4 grid bugs
  2 bats
  5 lichens
  4 kobold zombies
  6 newts
135 creatures vanquished.

No species were genocided or became extinct.

Game over:
                       ----------
                      /          \
                     /    REST    \
                    /      IN      \
                   /     PEACE      \
                  /                  \
                  |   GdeVolpiano    |
                  |     2749 Au      |
                  |   killed by an   |
                  |    iron golem    |
                  |                  |
                  |                  |
                  |       2026       |
                 *|     *  *  *      | *
        _________)/\\_//(\/(/\)/\//\/|_)_______

Goodbye GdeVolpiano the Archeologist...

You died in The Dungeons of Doom on dungeon level 7 with 7775 points,
and 2749 pieces of gold, after 4966 moves.
You were level 7 with a maximum of 67 hit points when you died.

